Map: Troizinia LE

Players

AnTiTecH - Winner!

  • Race: Zerg Zerg
  • League: Master
  • Spawn Location: 6:00

IIIIIIIIIIII - Winner!

  • Race: Zerg Zerg
  • League: Grandmaster
  • Spawn Location: 5:00

ForgotToWipe - Winner!

  • Race: Terran Terran
  • Spawn Location: 5:00

elmosworld - Winner!

  • Race: Zerg Zerg
  • Spawn Location: 3:00

JaySlays

  • Race: Zerg Zerg
  • Spawn Location: 11:00

Wolf

  • Race: Zerg Zerg
  • League: Diamond
  • Spawn Location: 11:00

Chilly

  • Race: Protoss Protoss
  • Spawn Location: 12:00

Jakey

  • Race: Terran Terran
  • Spawn Location: 9:00

VOD

Have the link to the VOD?

Description

Time

  • Played on: April 3, 2018, 9:28 p.m.
  • Length: 10:29
Show
View Real Time Build Order
Export as new Build Order

AnTiTecH Zerg - Winner!

Build Orders: Hatch First 

Get SALT Encoding   

  12  0:01  Drone  
  13  0:13  Overlord  
  13  0:17  Drone  
  14  0:31  Drone x2  
  16  0:37  Drone  
  17  0:54  Hatchery  
  17  0:56  Drone  
  17  1:00  Drone  
  18  1:08  Drone  
  19  1:16  Extractor  
  18  1:19  Spawning Pool  
  18  1:21  Drone  
  18  1:29  Overlord  
  18  1:39  Drone  
  19  1:53  Drone  
  20  2:06  Queen x2  
  24  2:08  Zergling x4  
  24  2:11  Zergling x2  
  27  2:17  Metabolic Boost  
  27  2:23  Zergling x4  
  27  2:28  Drone  
  30  2:33  Drone  
  31  2:39  Overlord  
  31  2:51  Drone x2  
  33  2:59  Hatchery  
  33  3:00  Overlord  
  33  3:03  Zergling x2  
  33  3:07  Zergling x2  
  34  3:15  Zergling x6  
  34  3:16  Zergling x8  
  41  3:20  Overlord  
  41  3:24  Zergling x2  
  40  3:30  Zergling x2  
  40  3:36  Overlord  
  40  3:40  Queen  
  38  3:45  Zergling x2  
  38  3:51  Zergling x4  
  38  3:53  Drone  
  40  3:57  Zergling x2  
  40  3:59  Hatchery  
  40  4:01  Zergling x4  
  42  4:13  Zergling x8  
  43  4:20  Zergling x2  
  42  4:26  Zergling x2  
  41  4:36  Zergling x6  
  41  4:37  Zergling x2  
  39  4:43  Drone  
  38  4:51  Drone x2  
  40  4:55  Queen  
  40  4:58  Drone, Hatchery  
  42  5:05  Drone  
  43  5:10  Drone  
  43  5:11  Drone  
  42  5:21  Drone x2  
  42  5:22  Drone x4  
  43  5:29  Overlord  
  43  5:34  Queen  
  43  5:38  Spore Crawler  
  43  5:39  Zergling x2  
  43  5:40  Zergling x8  
  47  5:43  Drone  
  47  5:48  Zergling x6  
  47  5:49  Zergling x2  
  52  5:51  Zergling x2  
  52  5:55  Zergling x4  
  55  5:59  Drone  
  55  6:00  Drone  
  57  6:05  Drone x3  
  57  6:10  Overlord  
  60  6:14  Drone x5  
  61  6:20  Zergling x2  
  61  6:21  Zergling x4  
  62  6:28  Drone x3  
  63  6:34  Extractor  
  63  6:35  Drone x3  
  63  6:36  Evolution Chamber  
  63  6:38  Lair  
  66  6:48  Drone x3  
  66  6:49  Drone  
  70  6:59  Hatchery  
  67  7:03  Overlord x2  
  67  7:04  Overlord x2  
  67  7:08  Zerg Ground Armor Level 1  
  67  7:11  Zergling x2  
  67  7:12  Zergling x6  
  67  7:13  Zergling x2  
  65  7:16  Zergling x6  
  65  7:19  Zergling x4  
  65  7:20  Zergling x2  
  71  7:23  Zergling x6  
  71  7:25  Zergling x2  
  71  7:27  Zergling x4  
  78  7:30  Zergling x6  
  78  7:33  Zergling x4  
  78  7:36  Zergling x2  
  82  7:37  Zergling x2  
  82  7:40  Zergling x6  
  82  7:43  Zergling x6  
  82  7:45  Zergling x2  
  82  7:46  Zergling x4  
  82  7:50  Zergling x4  
  82  7:51  Zergling x2  
  81  7:53  Queen  
  84  7:58  Drone x3  
  87  8:05  Drone  
  87  8:06  Drone x7  
  87  8:07  Drone  
  87  8:08  Drone  
  96  8:13  Overlord, Queen  
  95  8:22  Zergling x4  
  95  8:23  Zergling x10  
  95  8:24  Zergling x2  
  90  8:28  Zergling x2  
  90  8:29  Zergling x10  
  89  8:36  Infestation Pit  
  89  8:38  Evolution Chamber, Zergling x8  
  89  8:39  Zergling x2  
  92  8:41  Zergling x6  
  92  8:46  Zergling x8  
  99  8:49  Drone x3  
  99  8:55  Zergling x4  
  103  8:59  Zergling x2  
  103  9:00  Zergling x4  
  93  9:06  Zergling x10  
  93  9:07  Zergling x2  
  98  9:13  Hive  
  91  9:18  Zergling x22  
  102  9:26  Zergling x6  
  102  9:27  Zergling x2  
  102  9:29  Drone  
  102  9:30  Drone x2  
  108  9:38  Zergling x14  
  110  9:40  Hatchery  
  110  9:41  Overlord x3  
  110  9:43  Zergling x2  
  114  9:51  Zergling x10  
  114  9:52  Zergling x4  
  121  9:55  Zergling x8  
  120  10:00  Overlord  
  120  10:01  Zergling x2  
  120  10:02  Zergling x6  
  120  10:04  Zergling x10  
  128  10:07  Zergling x2  
  128  10:08  Zergling x2  
  128  10:11  Overlord  
Show
View Real Time Build Order
Export as new Build Order

IIIIIIIIIIII Zerg - Winner!

Build Orders: Hatch First 

Get SALT Encoding   

  12  0:01  Drone  
  13  0:11  Drone  
  14  0:16  Overlord  
  14  0:35  Drone x2  
  16  0:36  Drone  
  17  0:54  Hatchery  
  17  0:57  Drone  
  17  0:59  Drone  
  18  1:16  Extractor  
  17  1:19  Spawning Pool  
  17  1:21  Drone x2  
  18  1:32  Drone  
  19  1:52  Overlord  
  19  2:03  Drone  
  19  2:04  Drone  
  19  2:05  Queen  
  19  2:06  Queen  
  19  2:07  Drone  
  26  2:13  Drone  
  27  2:18  Drone  
  27  2:22  Drone  
  29  2:27  Drone  
  30  2:54  Queen  
  30  2:55  Queen  
  35  2:58  Drone  
  35  3:00  Drone  
  35  3:01  Overlord  
  35  3:02  Overlord  
  36  3:06  Hatchery  
  35  3:13  Overlord  
  35  3:14  Overlord x2  
  35  3:23  Drone  
  35  3:24  Evolution Chamber  
  35  3:25  Drone, Evolution Chamber  
  36  3:27  Drone  
  36  3:30  Drone  
  37  3:38  Overlord  
  37  3:39  Zergling x4  
  37  3:40  Zergling x2  
  40  3:50  Zergling x8  
  44  3:55  Zerg Melee Weapons Level 1  
  44  3:59  Zerg Ground Armor Level 1  
  44  4:07  Drone x4  
  44  4:08  Drone  
  49  4:11  Drone  
  50  4:30  Drone  
  50  4:31  Drone x2  
  53  4:36  Drone x2  
  53  4:37  Drone  
  53  4:38  Drone x2, Hatchery  
  57  4:39  Drone  
  57  4:41  Metabolic Boost  
  58  4:53  Drone x6, Extractor  
  58  4:54  Extractor  
  58  4:55  Drone  
  63  5:02  Drone  
  63  5:04  Drone  
  63  5:05  Drone x3  
  68  5:08  Drone x4  
  68  5:12  Drone  
  68  5:13  Drone  
  74  5:21  Lair  
  74  5:29  Overlord  
  74  5:30  Overlord x5  
  74  5:40  Extractor  
  73  5:45  Zergling x2  
  73  5:47  Zergling x16  
  73  5:49  Zergling x2  
  83  5:50  Zergling x2  
  83  5:51  Zergling x4  
  83  5:52  Zergling x8  
  83  5:55  Zergling x2  
  91  6:00  Zergling x4  
  93  6:05  Zergling x2  
  93  6:06  Zergling x2  
  93  6:10  Zergling x2  
  93  6:11  Zergling x2  
  97  6:12  Zergling x2  
  97  6:14  Zergling x2  
  97  6:15  Zergling x4  
  97  6:16  Zergling x2  
  102  6:18  Zerg Melee Weapons Level 2  
  102  6:22  Zergling x2  
  102  6:23  Zergling x12  
  109  6:29  Zergling x4  
  109  6:30  Zergling x8  
  104  6:38  Zergling x4  
  100  6:45  Zergling x2  
  100  6:46  Zergling x10  
  94  6:51  Zerg Ground Armor Level 2  
  94  6:53  Infestation Pit  
  90  6:57  Zergling x4  
  90  6:58  Zergling x14  
  98  7:06  Zergling x4  
  98  7:07  Hatchery  
  97  7:08  Zergling x4  
  95  7:16  Overlord  
  95  7:17  Overlord  
  95  7:19  Zergling x6  
  95  7:20  Zergling x14  
  101  7:29  Zergling x10  
  101  7:34  Zergling x4  
  93  7:38  Zergling x2  
  85  7:46  Zergling x2  
  85  7:47  Zergling x12  
  85  7:49  Zergling x2  
  93  7:57  Zergling x12  
  99  8:03  Zergling x6  
  102  8:11  Zergling x6  
  99  8:17  Hive  
  83  8:20  Zergling x2  
  83  8:21  Zergling x26  
  83  8:23  Queen, Zergling x2  
  100  8:31  Zergling x2  
  100  8:32  Zergling x6  
  104  8:34  Zergling x2  
  105  8:43  Zergling x2  
  105  8:44  Zergling x12  
  105  8:45  Zergling x8  
  117  8:48  Zergling x2  
  117  8:55  Zergling x2  
  118  8:56  Zergling x10  
  123  9:04  Zergling x10  
  124  9:11  Zergling x2  
  124  9:12  Zergling x6  
  124  9:14  Zergling x2  
  124  9:15  Zergling x12  
  130  9:24  Zergling x14  
  115  9:33  Overlord  
  115  9:34  Overlord x3  
  115  9:36  Zergling x2  
  110  9:47  Zergling x2  
  110  9:48  Zergling x14  
  110  9:51  Zergling x2  
  110  9:52  Zergling x4  
  112  10:03  Zergling x18  
  112  10:06  Zergling x4  
  111  10:07  Zergling x2  
Show
View Real Time Build Order
Export as new Build Order

ForgotToWipe Terran - Winner!

Build Orders: Mech 

Get SALT Encoding   

  12  0:01  SCV  
  13  0:13  SCV  
  14  0:17  Supply Depot  
  14  0:25  SCV  
  15  0:39  SCV  
  15  0:40  Barracks  
  16  0:47  Refinery  
  16  0:51  SCV  
  17  1:03  SCV  
  18  1:15  SCV  
  19  1:31  Orbital Command  
  19  1:45  Command Center  
  19  1:56  Factory  
  19  1:57  SCV  
  20  2:04  Refinery  
  20  2:09  SCV  
  20  2:13  Barracks Reactor  
  21  2:22  SCV  
  22  2:25  Supply Depot  
  22  2:36  SCV  
  23  2:48  SCV  
  24  2:58  Orbital Command  
  24  3:00  SCV  
  24  3:02  Hellion, Cyclone  
  24  3:04  Refinery  
  30  3:12  SCV, Refinery  
  31  3:18  Factory  
  31  3:20  Barracks Tech Lab  
  31  3:26  SCV  
  32  3:27  SCV  
  31  3:36  Cyclone  
  31  3:39  SCV x2  
  36  3:48  Supply Depot  
  36  3:51  SCV  
  36  3:52  SCV  
  38  4:03  SCV, Cyclone  
  38  4:04  SCV  
  43  4:16  SCV x2  
  45  4:19  Siege Tank  
  48  4:28  SCV x2  
  47  4:40  SCV  
  47  4:41  SCV  
  47  4:45  Command Center  
  46  4:47  Factory  
  46  4:49  Factory  
  46  4:52  Siege Tank  
  49  4:57  SCV  
  49  4:58  SCV  
  51  5:03  Supply Depot  
  51  5:04  Supply Depot  
  51  5:11  SCV  
  51  5:12  SCV  
  51  5:13  Engineering Bay  
  53  5:19  Armory  
  53  5:22  Armory  
  53  5:23  SCV  
  53  5:24  SCV  
  55  5:30  Supply Depot  
  55  5:32  Supply Depot, Factory Tech Lab x2  
  55  5:41  SCV  
  55  5:42  SCV  
  57  5:53  SCV  
  57  5:54  SCV  
  57  5:56  Siege Tank x3  
  68  6:05  SCV  
  68  6:06  SCV  
  70  6:18  SCV x2  
  71  6:23  Refinery  
  71  6:25  Missile Turret, Refinery  
  72  6:28  Missile Turret  
  72  6:30  SCV x2  
  72  6:31  Planetary Fortress  
  74  6:38  Thor  
  74  6:39  Hellbat  
  85  6:43  SCV  
  86  6:47  Thor  
  86  6:50  Thor  
  92  6:55  SCV x2  
  94  7:06  Supply Depot, Terran Vehicle Weapons Level 1  
  94  7:07  Terran Vehicle And Ship Armor Level 1  
  94  7:13  SCV x2  
  90  7:21  Factory  
  90  7:22  Command Center  
  90  7:25  SCV x2  
  92  7:32  Thor  
  92  7:33  Thor  
  104  7:42  SCV  
  104  7:43  SCV  
  106  7:47  Thor  
  103  7:52  Factory  
  103  7:56  SCV x2  
  105  8:09  SCV  
  105  8:10  SCV  
  105  8:11  SCV  
  108  8:14  Factory Tech Lab  
  108  8:21  SCV  
  109  8:34  Hellbat x3, Thor  
  121  8:35  Sensor Tower  
  121  8:45  Factory Tech Lab  
  121  9:08  Missile Turret  
  121  9:10  Missile Turret  
  121  9:12  Siege Tank  
  121  9:15  Missile Turret  
  124  9:18  Hellbat, Thor  
  124  9:21  Supply Depot  
  124  9:22  Supply Depot  
  124  9:23  Supply Depot  
  132  9:25  Supply Depot  
  132  9:30  Refinery  
  132  9:34  Missile Turret, Refinery  
  132  9:42  Siege Tank  
  132  9:43  Hellbat x2  
  132  9:44  Thor  
  132  9:45  Siege Tank, Thor  
  154  10:00  SCV  
  154  10:04  Hellbat x2  
  164  10:28  Supply Depot x2  
Show
View Real Time Build Order
Export as new Build Order

elmosworld Zerg - Winner!

Build Orders: Pool First 

Get SALT Encoding   

  12  0:08  Overlord  
  13  0:21  Drone  
  13  0:24  Drone  
  14  0:35  Overlord  
  14  0:36  Overlord  
  14  0:56  Spawning Pool  
  13  1:06  Drone  
  13  1:07  Drone x2  
  16  1:15  Extractor  
  15  1:24  Drone  
  16  1:49  Hatchery  
  16  1:53  Drone x2  
  16  1:54  Drone  
  18  2:07  Queen  
  20  2:12  Drone  
  21  2:18  Drone  
  22  2:32  Extractor  
  22  2:36  Drone  
  22  2:51  Spine Crawler  
  21  2:58  Spine Crawler  
  20  3:13  Drone x3  
  20  3:17  Drone x2  
  25  3:27  Lair  
  25  3:40  Spine Crawler  
  24  3:43  Drone x2  
  26  3:50  Drone x2  
  26  3:51  Drone x2  
  30  4:04  Evolution Chamber  
  30  4:09  Drone x3  
  32  4:26  Extractor  
  31  4:41  Hydralisk Den  
  30  4:47  Queen  
  30  4:50  Drone x2  
  30  4:51  Drone  
  35  5:05  Zerg Melee Weapons Level 1  
  35  5:10  Drone  
  36  5:18  Hydralisk x4  
  44  5:22  Overlord x3  
  44  5:23  Overlord  
  44  5:37  Extractor  
  44  5:42  Grooved Spines  
  43  5:45  Hydralisk x2  
  47  5:56  Drone x3  
  50  6:29  Hydralisk x2  
  50  6:30  Hydralisk x4  
  62  6:39  Hydralisk  
  62  6:40  Hydralisk x4  
  72  6:47  Overlord  
  72  6:53  Muscular Augments  
  72  6:59  Zerg Missile Weapons Level 1  
  72  7:12  Hydralisk x5  
  82  7:21  Hydralisk  
  84  7:27  Overlord x2  
  84  8:11  Hydralisk x3  
  67  9:36  Drone x5  
  72  9:49  Hydralisk x3  
Show
View Real Time Build Order
Export as new Build Order

JaySlays Zerg 

Build Orders: Hatch First 

Get SALT Encoding   

  12  0:02  Drone  
  13  0:15  Overlord  
  13  0:18  Drone  
  14  0:33  Drone  
  14  0:34  Drone  
  16  0:52  Hatchery  
  16  0:57  Drone  
  16  1:00  Extractor  
  15  1:14  Spawning Pool  
  15  1:15  Drone  
  15  1:19  Drone  
  16  1:28  Drone x2  
  18  1:39  Drone  
  19  1:50  Overlord  
  19  2:01  Metabolic Boost  
  19  2:03  Queen  
  19  2:05  Zergling x2  
  22  2:08  Drone  
  23  2:16  Drone  
  23  2:17  Drone  
  25  2:31  Roach Warren  
  25  2:33  Drone x2  
  25  2:34  Drone  
  27  2:47  Drone x2  
  29  2:59  Drone  
  29  3:00  Drone x2  
  29  3:02  Queen  
  34  3:09  Zergling x2  
  34  3:10  Zergling x2  
  36  3:22  Extractor  
  35  3:32  Overlord x2  
  35  4:00  Roach  
  35  4:01  Roach x4  
  45  4:03  Lair  
  45  4:12  Evolution Chamber  
  45  4:14  Evolution Chamber  
  45  4:17  Drone x4  
  47  4:41  Roach x2  
  50  4:47  Overlord x2  
  50  4:48  Overlord  
  50  4:59  Drone  
  51  5:06  Zerg Ground Armor Level 1, Zerg Missile Weapons Level 1  
  51  5:22  Glial Reconstitution  
  51  5:31  Drone x4  
  51  5:35  Extractor  
  54  5:39  Zergling x14  
  61  6:02  Drone x3, Hatchery  
  63  6:09  Roach x4  
  71  6:23  Hydralisk Den  
  60  6:37  Roach x3  
  60  6:38  Roach x2  
  59  6:55  Roach x2  
  59  6:56  Roach x5  
  63  7:05  Pneumatized Carapace  
  63  7:10  Roach x4  
  63  7:11  Zerg Missile Weapons Level 2  
  61  7:33  Roach  
  61  7:34  Roach x4  
  67  7:46  Hatchery  
  66  7:54  Grooved Spines  
  66  8:02  Hydralisk x5  
  66  8:04  Overlord x2  
  68  8:19  Roach x6  
  72  8:46  Extractor  
  73  9:17  Roach x4  
  73  9:18  Roach x2  
  73  9:23  Hydralisk x3  
  89  9:28  Overlord x3  
  89  9:40  Spire  
  88  9:46  Zergling x8  
  92  9:57  Roach x6  
Show
View Real Time Build Order
Export as new Build Order

Wolf Zerg 

Build Orders: Pool First 

Get SALT Encoding   

  12  0:06  Drone  
  13  0:12  Overlord  
  13  0:17  Drone  
  14  0:30  Drone x2  
  16  0:39  Drone  
  17  0:45  Extractor  
  17  0:48  Spawning Pool  
  15  0:52  Drone  
  16  1:02  Drone  
  17  1:23  Hatchery  
  16  1:30  Overlord  
  16  1:36  Zergling x4  
  18  1:48  Metabolic Boost  
  18  1:55  Queen  
  21  2:01  Drone  
  21  2:02  Drone  
  22  2:11  Drone  
  23  2:22  Drone  
  24  2:26  Drone  
  25  2:31  Baneling Nest  
  25  2:36  Queen  
  26  2:38  Drone  
  26  2:39  Zergling x2  
  29  2:58  Zergling x6  
  31  3:13  Zergling x10  
  33  3:35  Zergling x2  
  33  3:36  Zergling x4  
  33  3:38  Overlord  
  33  3:50  Drone x2  
  33  3:55  Baneling x3  
  32  3:56  Baneling  
  32  4:03  Zergling x6, Hatchery  
  32  4:04  Zergling x2  
  28  4:48  Drone  
  28  4:49  Drone x12  
  41  4:55  Lair  
  41  4:56  Extractor  
  40  5:11  Extractor  
  40  5:12  Drone x4  
  40  5:13  Extractor  
  42  5:22  Zergling x12  
  46  5:39  Drone x3  
  46  5:41  Overlord x3  
  46  5:42  Overlord  
  49  5:53  Evolution Chamber  
  49  5:54  Baneling x4  
  49  5:55  Evolution Chamber  
  47  6:00  Zergling x12  
  47  6:02  Zergling x2  
  54  6:16  Drone x2  
  56  6:22  Drone  
  56  6:23  Drone  
  56  6:25  Drone x7  
  62  6:44  Zergling x10  
  62  6:45  Zergling x6  
  62  6:52  Zerg Missile Weapons Level 1, Zerg Melee Weapons Level 1  
  62  6:58  Hydralisk Den  
  61  7:01  Queen  
  61  7:11  Zergling x2  
  61  7:12  Zergling x18  
  51  7:24  Zergling x2  
  51  7:25  Zergling x10  
  42  7:40  Zergling x10  
  39  7:56  Zergling x6  
  42  8:02  Hatchery  
  41  8:05  Baneling x2  
  41  8:06  Baneling x4  
  38  8:33  Hydralisk x6  
  49  8:41  Baneling x4  
  49  8:45  Drone  
  37  9:20  Zergling x12  
  33  9:41  Zergling x12  
  33  10:02  Zergling x2  
  33  10:03  Zergling x8  
Show
View Real Time Build Order
Export as new Build Order

Chilly Protoss 

Build Orders:  

Get SALT Encoding   

  12  0:04  Probe  
  13  0:16  Probe  
  14  0:22  Pylon  
  14  0:28  Probe  
  15  0:40  Probe  
  16  0:48  Gateway  
  16  0:52  Forge  
  16  0:56  Probe  
  17  1:08  Probe (Chrono Boost)  
  18  1:14  Assimilator  
  18  1:20  Probe (Chrono Boost)  
  19  1:26  Probe (Chrono Boost), Photon Cannon  
  20  1:34  Photon Cannon  
  20  1:40  Assimilator  
  20  1:41  Probe  
  21  1:53  Pylon, Probe  
  22  2:05  Photon Cannon  
  22  2:14  Cybernetics Core  
  22  2:23  Probe  
  23  2:48  Nexus  
  23  2:55  Photon Cannon  
  23  3:04  Pylon  
  23  3:16  Probe  
  24  3:25  Stargate  
  24  3:28  Stargate  
  24  3:29  Probe (Chrono Boost)  
  26  3:42  Probe (Chrono Boost)  
  26  3:49  Probe (Chrono Boost)  
  27  3:56  Probe (Chrono Boost)  
  27  4:01  Probe (Chrono Boost)  
  29  4:08  Probe (Chrono Boost)  
  30  4:11  Phoenix  
  30  4:12  Probe (Chrono Boost)  
  30  4:13  Phoenix  
  30  4:15  Probe (Chrono Boost)  
  36  4:17  Probe (Chrono Boost)  
  36  4:22  Probe  
  38  4:27  Probe  
  39  4:34  Probe  
  39  4:36  Phoenix  
  42  4:39  Probe  
  42  4:40  Phoenix  
  45  4:46  Probe (Chrono Boost)  
  47  4:54  Probe (Chrono Boost)  
  47  4:58  Probe (Chrono Boost)  
  48  5:01  Phoenix  
  48  5:05  Probe (Chrono Boost), Phoenix  
  54  5:08  Probe (Chrono Boost)  
  54  5:12  Assimilator  
  54  5:22  Assimilator  
  54  5:25  Pylon  
  54  5:39  Pylon  
  54  5:41  Pylon  
  54  5:43  Probe x2, Phoenix x2  
  54  5:47  Pylon  
  60  5:50  Pylon  
  60  5:55  Pylon, Probe  
  60  5:56  Protoss Air Weapons Level 1  
  61  6:06  Pylon  
  61  6:07  Pylon  
  61  6:08  Probe  
  61  6:10  Pylon  
  62  6:11  Pylon  
  62  6:13  Pylon  
  63  6:23  Phoenix x2  
  66  6:30  Stargate  
  66  6:48  Phoenix  
  68  7:02  Phoenix  
  70  7:13  Phoenix  
  72  7:21  Phoenix  
  74  7:27  Phoenix  
  76  7:36  Photon Cannon  
  76  7:38  Phoenix, Photon Cannon  
  76  7:40  Photon Cannon  
  76  7:43  Photon Cannon  
  78  7:45  Pylon  
  78  7:46  Phoenix  
  80  7:52  Phoenix  
  82  8:03  Phoenix  
  84  8:43  Fleet Beacon  
  84  8:45  Pylon  
  84  8:46  Pylon  
  84  8:47  Pylon  
  84  8:50  Stargate  
  84  9:02  Cybernetics Core  
  84  9:05  Nexus  
  84  9:08  Phoenix  
  84  9:09  Phoenix x2  
  90  9:42  Phoenix x2  
  90  9:44  Pylon  
  94  9:48  Pylon  
Show
View Real Time Build Order
Export as new Build Order

Jakey Terran 

Build Orders: MMM Bio 

Get SALT Encoding   

  12  0:01  SCV  
  13  0:13  SCV  
  14  0:17  Supply Depot  
  14  0:25  SCV  
  15  0:30  Refinery  
  15  0:39  SCV  
  16  0:48  Barracks  
  16  0:51  SCV  
  17  1:03  Barracks  
  17  1:05  SCV  
  18  1:17  SCV  
  19  1:29  Barracks  
  19  1:35  Reaper  
  19  1:39  Orbital Command  
  20  1:47  Refinery  
  20  1:54  Reaper  
  20  1:58  Supply Depot  
  21  2:06  SCV  
  22  2:09  Reaper  
  23  2:19  Reaper, SCV  
  25  2:28  Reaper  
  26  2:31  SCV  
  27  2:41  Reaper  
  27  2:43  SCV  
  29  2:50  Supply Depot  
  29  3:01  Reaper  
  30  3:10  Reaper  
  31  3:20  Command Center  
  30  3:47  Marine, Barracks Reactor  
  26  3:49  Barracks Tech Lab  
  26  3:54  Barracks  
  26  3:57  Supply Depot  
  26  4:05  Marine  
  25  4:22  Marine x2  
  25  4:23  Marine x2  
  29  4:25  Stimpack  
  27  4:38  Barracks  
  27  4:40  Marine x3  
  27  4:41  Marine  
  27  4:44  Command Center  
  31  4:54  Barracks Reactor  
  31  4:57  SCV  
  31  4:58  Marine x2  
  34  5:00  Barracks Reactor  
  34  5:05  Marine  
  35  5:09  SCV  
  35  5:16  Marine  
  29  5:23  Marine  
  26  5:31  SCV  
  26  5:34  Marine x2  
  29  5:43  SCV  
  29  5:48  Barracks Reactor  
  30  5:50  Marine x2  
  30  5:52  Marine x2  
  34  6:02  Marine  
  34  6:03  Marine  
  36  6:06  Marine  
  36  6:09  Marine  
  38  6:12  Marine x3  
  40  6:20  Marine  
  40  6:25  Combat Shields  
  40  6:29  Orbital Command  
  40  6:32  Marine x3  
  35  6:33  Marine  
  37  6:43  SCV  
  37  6:44  Supply Depot  
  38  6:49  Marine  
  38  6:52  Marine  
  38  6:53  Marine x2  
  42  6:55  Marine  
  42  6:57  SCV  
  44  7:10  SCV  
  44  7:11  Marine  
  44  7:12  Marine x2  
  47  7:23  Marine x3  
  47  7:24  Marine x2  
  41  7:54  SCV  
  41  7:56  Marine  
  41  7:57  Marine x6  
  41  7:58  Marine x2  
  51  8:04  Factory  
  51  8:06  SCV  
  52  8:14  Marine x2  
  52  8:15  Marine x5  
  52  8:18  SCV  
  37  8:38  Marine x6  
  37  8:39  Marine  
  44  8:45  Engineering Bay  
  44  8:47  SCV  
  45  8:51  Marine  
  45  8:52  Marine  
  47  8:55  Marine  
  47  8:56  Marine x2  
  47  8:59  SCV  
  38  9:10  Marine x3  
  29  9:19  Marine x6  
  30  9:28  Marine x2  
Tags
 
Add a new tag
Caveats
  • Supply blocks, unpowered buildings, or Contaminate may cause inaccurate times.
  • Supply counts are checked every 10 seconds.